 Dungeon Crawl Stone Soup version 0.31.0-12-g77e489cdc1 (webtiles) character file.

Game seed: 8428495845101000587

44295 Gadfly the Basher (level 13, 0/113 HPs)
             Began as an Armataur Fighter on Feb 29, 2024.
             Was a High Priest of the Shining One.
             Slain by a molten gargoyle
             ... wielding a +0 mace
              (3 damage)
             ... while petrified by a basilisk
             ... on level 5 of the Lair of Beasts.
             The game lasted 00:27:33 (18034 turns).

Gadfly the Basher (Armataur Fighter)               Turns: 18034, Time: 00:27:34

Health: 0/113      AC: 23    Str: 30    XL:     13   Next: 95%
Magic:  20/20      EV:  1    Int:  9    God:    the Shining One [*****.]
Gold:   1255       SH:  0    Dex: 12    Spells: 7/12 levels left

rFire   . . .        a - +1 flail (venom)
rCold   . . .        F - +0 kite shield
rNeg    + + +        A - +0 plate armour
rPois   ∞            k - +3 helmet of the Raven {rCorr}
rElec   .            z - +0 cloak
rCorr   +            x - +2 pair of gloves
SInv    .            (no barding)
Will    .....        G - amulet of regeneration Stlth
                     I - +6 ring of strength
HPRegen 1.18/turn    y - +5 ring of evasion
MPRegen 0.17/turn

%: roll
@: petrified, glowing, studying Earth Magic
A: large, deformed body, tough skin 3, armoured tail, roll 2, shaggy fur 1,
MP-powered wands
a: Renounce Religion, Divine Shield, Cleansing Flame, Summon Divine Warrior


You were on level 5 of the Lair of Beasts.
You worshipped the Shining One.
The Shining One was extremely pleased with you.
You visited 3 branches of the dungeon, and saw 16 of its levels.
You also visited: Bailey.

You collected 1269 gold pieces.
You spent 14 gold pieces at shops.

Inventory:

Hand Weapons
 a - a +1 flail of venom (weapon)
 b - a +1 whip of freezing
 D - a +1 demon whip of venom
Armour
 k - the +3 helmet of the Raven (worn) {rCorr}
   (You took it off Robin on level 3 of the Dungeon)

   rCorr:     It protects you from acid and corrosion.
 x - a +2 pair of gloves (worn)
 z - a +0 cloak (worn)
 A - a +0 plate armour (worn)
 F - a +0 kite shield (worn)
Jewellery
 g - the ring "Ummab" {Fire Int+2}
   (You found it on level 8 of the Dungeon)

   [ring of fire]

   Fire:      It enhances your fire magic.
   Int+2:     It affects your intelligence (+2).
   rF+:       It protects you from fire.
   rC-:       It makes you vulnerable to cold.
 m - an amulet of the acrobat
 t - a +4 ring of protection
 y - a +5 ring of evasion (right hand)
 G - an amulet of regeneration (around neck)
 I - a +6 ring of strength (left hand)
 J - a ring of protection from fire
Wands
 s - a wand of charming (14)
 v - a wand of mindburst (5)
 w - a wand of roots (16)
 C - a wand of flame (6) (quivered)
Scrolls
 c - a scroll of amnesia
 e - 3 scrolls of enchant weapon
 l - 2 scrolls of vulnerability
 p - 3 scrolls of poison
 r - 4 scrolls of revelation
 u - a scroll of fog
 E - a scroll of enchant armour
 H - 2 scrolls of identify
Potions
 d - a potion of might
 f - a potion of attraction
 h - a potion of berserk rage
 i - 2 potions of mutation
 j - 3 potions of curing
 o - 2 potions of lignification
 q - a potion of heal wounds
 B - 3 potions of haste


   Skills:
 + Level 10.1 Fighting
 * Level 11.3 Maces & Flails
 + Level 11.0 Armour
 + Level 2.0 Dodging
 + Level 10.3 Shields
 + Level 10.0 Invocations
 + Level 9.9 Evocations


You had 7 spell levels left.
You knew the following spells:

 Your Spells              Type           Power      Damage    Failure   Level
a - Blink                 Tloc           0%         N/A       100%        2
b - Swiftness             Air            0%         N/A       100%        3

Your spell library contained the following spells:

 Spells                   Type           Power      Damage    Failure   Level
 Magic Dart               Conj           0%         1d3       99%         1
 Sandblast                Erth           0%         2d4       99%         1
 Shock                    Conj/Air       0%         1d3       99%         1
 Call Imp                 Summ           0%         N/A       100%        2
 Sublimation of Blood     Necr           0%         N/A       100%        2
 Passwall                 Erth           0%         N/A       100%        3
 Stone Arrow              Conj/Erth      0%         3d7       100%        3
 Airstrike                Air            0%         2d(0-16)  100%        4
 Brom's Barrelling Bould  Conj/Erth      0%         2d3       100%        4
 Petrify                  Alch/Erth      0%         N/A       100%        4
 Irradiate                Conj/Alch      0%         3d11      100%        5
 Summon Forest            Summ/Tloc      0%         N/A       100%        5
 Eringya's Noxious Bog    Alch           0%         4d6       100%        6
 Summon Hydra             Summ           0%         N/A       100%        7


Dungeon Overview and Level Annotations

Branches:
Dungeon (10/15)            Temple (1/1) D:7            Lair (5/5) D:9
  Swamp (0/4) Lair:3       Spider (0/4) Lair:3        Slime (0/5) Lair:4
    Orc (0/2) D:10         Bailey (visited)

Altars:
Ashenzari
Cheibriados
Dithmenos
Elyvilon
Fedhas
Gozag
Hepliaklqana
Kikubaaqudgha
Makhleb
Nemelex Xobeh
Okawaru
Qazlal
Ru
Sif Muna
Trog
Uskayaw
Vehumet
Wu Jian
Xom
Yredelemnul
Zin
The Shining One

Shops:
D:4 [(**   D:6 [   D:10 *


Innate Abilities, Weirdness & Mutations

Armour fits poorly on your strangely shaped body.
You have extremely tough skin. (AC +3)
You have a long armoured tail.
You regenerate magic and health when rolling toward enemies. (Rampage Regen)
You are covered in fur. (AC +1)
You expend magic power (3 MP) to strengthen your wands.


Message History

The basilisk bites you but does no damage. x2
The molten gargoyle hits you but does no damage.
The basilisk bites you but does no damage.
The basilisk bites you.
The molten gargoyle blasts magma at you!
The bolt of magma hits you!
The basilisk bites you but does no damage. x2
The molten gargoyle hits you with a +0 mace!
You are engulfed in flames!
* * * LOW HITPOINT WARNING * * *
The basilisk bites you but does no damage. x2
You turn to flesh and can move again.
The molten gargoyle attacks as it pursues you!
You block the molten gargoyle's attack.
Unknown command.
The molten gargoyle attacks as it pursues you!
The molten gargoyle hits you with a +0 mace.
* * * LOW HITPOINT WARNING * * *
You are engulfed in flames!
* * * LOW HITPOINT WARNING * * *
The basilisk gazes at you.
You are slowing down.
Your limbs are stiffening.
The molten gargoyle attacks as it pursues you!
The molten gargoyle hits you with a +0 mace.
* * * LOW HITPOINT WARNING * * *
You are engulfed in flames!
* * * LOW HITPOINT WARNING * * *
The molten gargoyle blasts magma at you!
The bolt of magma hits you!
* * * LOW HITPOINT WARNING * * *
You have turned to stone.
The molten gargoyle hits you but does no damage. x2
The molten gargoyle blasts magma at you!
The bolt of magma hits you!!
* * * LOW HITPOINT WARNING * * *
The molten gargoyle hits you with a +0 mace!
* * * LOW HITPOINT WARNING * * *
You are engulfed in flames!
You die...

....# #####.#.........## §§#
....#####..#####.....#8#8#
#.P..##...## #....######
.##..##..#######...## ##
....##...##P..###..# ##..
....##........###.l####...#
.....#.........###l##.....##
P...#[..........#9#.#......#
.........<......@..#......##
#...##P....................#
##..###...................#
##..##....P#.............#
##P.##.....†..............### #
#P..#....#..................###..
##...#...##......................
##......##......................
###.#..##......................


You could see 2 basilisks and a molten gargoyle.

Vanquished Creatures
  2 vault guards (Bailey)
  6 hydras
  A boulder beetle (Lair:5)
  5 death yaks
  Amaemon (Lair:2)
  3 skysharks
  Pikel (D:7)
  A lindwurm (Lair:3)
  A deep elf pyromancer (D:10)
  An oklob plant (Lair:1)
  Maurice (D:7)
  An orange demon (Lair:2)
  11 elephants
  3 black mambas
  8 cane toads
  Jeremiah (D:7)
  An unseen horror (D:10)
  2 rime drakes
  8 komodo dragons
  A troll (D:10)
  A queen bee (D:9)
  Prince Ribbit (Bailey)
  2 polar bears
  8 blink frogs
  4 dream sheep (Lair:3)
  A shadow (D:10)
  6 slime creatures
  7 wyverns
  48 yaks
  6 humans (Bailey)
  A basilisk (Lair:4)
  4 redbacks (Lair:3)
  3 steam dragons
  2 two-headed ogre zombies (D:10)
  An acid dragon (D:9)
  3 hell hounds (Lair:5)
  15 water moccasins
  3 orc warriors
  2 sky beasts
  A black bear (Lair:1)
  An ice beast (D:5)
  4 wolves (D:9)
  2 ogres
  2 phantoms
  A lemure (D:7)
  20 bullfrogs
  2 kobold brigands
  A gnoll sergeant (D:9)
  2 scorpions
  6 wights
  A troll zombie (D:10)
  7 jellies
  23 killer bees
  2 howler monkeys (D:8)
  A bombardier beetle (D:5)
  A lava snake (Lair:5)
  A hound (D:5)
  Crazy Yiuf (D:3)
  A gnoll bouda (D:9)
  4 orc priests
  Jessica (D:3)
  7 iguanas
  A sleepcap (D:5)
  5 orc wizards
  5 ogre zombies (D:10)
  Robin (D:3)
  10 adders
  8 gnolls (D:9)
  3 shadow imps
  3 ufetubi
  4 dart slugs
  A ribbon worm (D:3)
  31 orcs
  6 ball pythons
  8 endoplasms
  2 giant cockroaches
  3 gnoll zombies (D:10)
  15 goblins
  18 hobgoblins
  11 jackals
  4 quokkas
  6 bats
  3 frilled lizards
  A gnoll skeleton (D:10)
  12 kobolds
  7 orc skeletons (D:10)
  14 orc zombies (D:10)
  7 rats
458 creatures vanquished.

Notes
Turn   | Place    | Note
-------+----------+-------------------------------------------
     0 | D:1      | Gadfly the Armataur Fighter began the quest for the Orb.
     0 | D:1      | Reached XP level 1. HP: 18/18 MP: 1/1
   163 | D:1      | Reached XP level 2. HP: 19/25 MP: 2/2
   343 | D:1      | Reached skill level 1 in Evocations
   378 | D:1      | Reached skill level 1 in Invocations
   490 | D:1      | Reached XP level 3. HP: 30/30 MP: 3/3
  1435 | D:2      | Found a broken altar of Ashenzari.
  1472 | D:2      | Reached XP level 4. HP: 38/38 MP: 5/5
  1621 | D:2      | Found a faded altar of an unknown god.
  1809 | D:3      | Found a faded altar of an unknown god.
  1813 | D:3      | Found a burning altar of Makhleb.
  1928 | D:3      | Learned a level 2 spell: Blink
  1966 | D:3      | Found a runed translucent door.
  1967 | D:3      | Noticed Crazy Yiuf
  2105 | D:3      | Identified the +3 helmet of the Raven {rCorr}
  2105 | D:3      | Noticed Robin
  2278 | D:3      | Killed Robin
  2324 | D:3      | Noticed Jessica
  2337 | D:3      | Killed Jessica
  2338 | D:3      | Reached XP level 5. HP: 10/45 MP: 6/6
  2735 | D:3      | Killed Crazy Yiuf
  2926 | D:4      | Found Katra's Antique Armour Boutique.
  2967 | D:4      | Noticed a phantom
  2977 | D:4      | Found Dita Foe's Weapon Shop.
  2980 | D:4      | Killed a phantom
  2981 | D:4      | Reached XP level 6. HP: 43/51 MP: 7/7
  3392 | D:4      | Found Urchidd's Assorted Antiques.
  3406 | D:4      | Bought a metallic grey potion for 14 gold pieces
  3406 | D:4      | Gained mutation: You are covered in fur. (AC +1) [potion of
                  | mutation]
  3406 | D:4      | Gained mutation: You expend magic power (3 MP) to
                  | strengthen your wands. [potion of mutation]
  3584 | D:4      | Found Xyurchao's General Store.
  3860 | D:5      | Entered Level 5 of the Dungeon
  3901 | D:5      | Gained mutation: You regenerate magic and health when
                  | rolling toward enemies. (Rampage Regen) [Armataur growth]
  3901 | D:5      | Reached XP level 7. HP: 57/57 MP: 9/9
  4763 | D:5      | Reached skill level 5 in Armour
  5214 | D:6      | Reached XP level 8. HP: 66/66 MP: 9/11
  5292 | D:6      | Found Urirphana's Antique Armour Shop.
  5702 | D:6      | Found an ornate altar of the Wu Jian Council.
  5711 | D:6      | Found a shimmering altar of Xom.
  5750 | D:6      | Identified the +1 scimitar "Arghy" {speed, +Blink Dex+2}
  6007 | D:7      | Found a staircase to the Ecumenical Temple.
  6019 | Temple   | Entered the Ecumenical Temple
  6039 | Temple   | Became a worshipper of the Shining One
  6156 | D:7      | Reached skill level 5 in Shields
  6492 | D:7      | Noticed Jeremiah
  6515 | D:7      | Killed Jeremiah
  6516 | D:7      | Reached skill level 5 in Maces & Flails
  6516 | D:7      | Reached skill level 5 in Invocations
  6516 | D:7      | Reached skill level 5 in Evocations
  6695 | D:7      | Reached XP level 9. HP: 72/72 MP: 12/12
  6700 | D:7      | Learned a level 3 spell: Swiftness
  6844 | D:7      | Noticed Pikel
  6865 | D:7      | Killed Pikel
  7041 | D:7      | Found a hazy altar of Hepliaklqana.
  7045 | D:7      | Found a shadowy altar of Dithmenos.
  7127 | D:7      | Noticed Maurice
  7133 | D:7      | Maurice stole a +1 whip of freezing
  7134 | D:7      | Maurice stole a +5 ring of evasion
  7139 | D:7      | Maurice stole 411 gold
  7140 | D:7      | Maurice stole 111 gold
  7145 | D:7      | Killed Maurice
  7146 | D:7      | Reached skill level 5 in Fighting
  7331 | D:8      | Identified the ring "Ummab" {Fire Int+2}
  7339 | D:8      | Found a flagged portal.
  7352 | Bailey   | Entered a bailey
  7429 | Bailey   | Reached * piety under the Shining One
  7448 | Bailey   | Reached XP level 10. HP: 57/81 MP: 14/14
  7687 | Bailey   | Noticed a vault guard
  7687 | Bailey   | Noticed Prince Ribbit
  7702 | Bailey   | Killed Prince Ribbit
  7704 | Bailey   | Killed a vault guard
  7731 | Bailey   | Noticed a vault guard
  7805 | Bailey   | Killed a vault guard
  8287 | D:8      | Identified the +5 dagger of Caugae {vamp, +Blink rPois rF-
                  | rN++}
  8671 | D:8      | Found a blossoming altar of Fedhas.
  8882 | D:9      | Reached XP level 11. HP: 45/90 MP: 16/16
  8907 | D:9      | HP: 4/90 [wyvern (10)]
  9626 | D:9      | Found a staircase to the Lair.
  9642 | D:9      | Reached ** piety under the Shining One
 10681 | D:10     | Entered Level 10 of the Dungeon
 10728 | D:10     | Found Qafurad's Mass Market.
 11089 | D:10     | Reached *** piety under the Shining One
 11090 | D:10     | Noticed a deep elf pyromancer
 11104 | D:10     | Killed a deep elf pyromancer
 11136 | D:10     | Reached **** piety under the Shining One
 11223 | D:10     | Found a staircase to the Orcish Mines.
 11375 | D:10     | Found a hide-covered altar of Uskayaw.
 12116 | Lair:1   | Entered Level 1 of the Lair of Beasts
 12208 | Lair:1   | Noticed an eight-headed hydra
 12208 | Lair:1   | Reached ***** piety under the Shining One
 12218 | Lair:1   | Killed an eight-headed hydra
 12219 | Lair:1   | Reached XP level 12. HP: 54/101 MP: 18/18
 12414 | Lair:1   | Found a blossoming altar of Fedhas.
 13304 | Lair:2   | Noticed an eight-headed hydra
 13310 | Lair:2   | Killed an eight-headed hydra
 13932 | Lair:2   | Noticed Amaemon
 13953 | Lair:2   | Killed Amaemon
 14693 | Lair:3   | Noticed a four-headed hydra
 14694 | Lair:3   | Found a staircase to the Swamp.
 14702 | Lair:3   | Killed a four-headed hydra
 14781 | Lair:3   | Found a hole to the Spider Nest.
 15004 | Lair:2   | Reached skill level 10 in Maces & Flails
 15307 | Lair:3   | Reached skill level 10 in Armour
 15461 | Lair:3   | Reached XP level 13. HP: 111/111 MP: 19/19
 16165 | Lair:4   | Found a staircase to the Slime Pits.
 16859 | Lair:5   | Entered Level 5 of the Lair of Beasts
 16890 | Lair:5   | Reached skill level 10 in Shields
 17056 | Lair:5   | Reached skill level 1 in Dodging
 17363 | Lair:5   | Reached skill level 10 in Fighting
 17868 | Lair:5   | Reached skill level 10 in Invocations
 18033 | Lair:5   | HP: 5/113 [molten gargoyle/bolt of magma (10)]
 18034 | Lair:5   | Slain by a molten gargoyle

Illustrated notes

Levels and vault maps discovered:
D:1:      dpeg_arrival_arbitrary_a, layout_loops_corners
D:2:      layout_loops_cross, basic_altar, shapermc_ecumenical_altar_pompeii
D:3:      layout_loops_ring, nicolae_overflow_ecumenical_swirl, uniq_jessica,
          uniq_crazy_yiuf_cottage, uniq_robin
D:4:      layout_gridville, serial_shops, nicolae_shop_bloodbath_and_beyond,
          shop, nicolae_lakefront_shop, nicolae_shop_gibbet_a_chance
D:5:      minmay_recursive_quarters, layout_basic, minmay_manual_macuahuitl
D:6:      layout_basic, mainiacjoe_overflow_swirl, serial_shops,
          kennysheep_little_box, dreamdust_wishing_well, minivault_10
D:7:      layout_loops_corners, riverfiend_overflow_shadow_ancestor,
          minmay_temple_entry_crystal_x, chequers_serial_rivers_micro_e,
          uniq_maurice, uniq_pikel, uniq_jeremiah
D:8:      layout_rooms, lemuel_coloured_pillars_altar, enter_bailey_2
D:9:      layout_grid_maze, minmay_lair_entry_grove,
          nicolae_looking_at_the_future
D:10:     layout_long_grid, mainiacjoe_overflow_alcove_2, zombieorc2_lemuel,
          amcnicky_mini_corridor_feature, minmay_shop_mass, nrook_uturn
Temple:   hellmonk_temple_of_storms
Lair:1:   layout_long_grid, tgw_fedhas, infiniplex_staircase_pool_2
Lair:2:   layout_roguey, uniq_amaemon
Lair:3:   layout_small_grid, minmay_swamp_entry_reptiles,
          spider_nest_entry_webs, lemuel_fruit_tree
Lair:4:   layout_gridlike, nicolae_slime_entry_slimehenge
Lair:5:   cheibrodos_lair_end_hotspot, layout_gridlike

Skill      XL: |  1  2  3  4  5  6  7  8  9 10 11 12 13 |
---------------+----------------------------------------+-----
Maces & Flails | 2 3 4 5 6 7 8 10 11 | 11.3
Evocations     | 1 2 3 4 5 6 7 8 9 |  9.9
Invocations    | 1 2 3 4 5 6 7 8 9 10 | 10.0
Fighting       | 3 4 5 6 7 9 10 | 10.1
Armour         | 4 5 6 7 8 10 11 | 11.0
Shields        | 4 5 6 7 8 9 10 | 10.3
Dodging        | 2 |  2.0

Action                     |  1- 3 |  4- 6 |  7- 9 | 10-12 | 13-15 || total
---------------------------+-------+-------+-------+-------+-------++-------
  Melee: Flail             |   110 |   136 |   281 |   841 |   406 ||  1774
         Tailslap          |     6 |    15 |    45 |   203 |   109 ||   378
         Whip              |       |       |     3 |       |       ||     3
  Evoke: Wand              |       |       |     2 |     5 |       ||     7
    Use: Scroll            |     4 |    10 |     3 |     7 |     1 ||    25
         Potion            |       |     2 |     2 |     3 |     1 ||     8
 Armour: Scale mail        |    83 |   123 |   152 |       |       ||   358
         Chain mail        |       |       |   117 |    85 |       ||   202
         Plate armour      |       |       |       |   986 |   484 ||  1470
  Dodge: Dodged            |    42 |    38 |   104 |   552 |   206 ||   942
  Block: Buckler           |    21 |    31 |    86 |   253 |       ||   391
         Kite shield       |       |       |       |   231 |   296 ||   527
